 Dungeon Crawl Stone Soup version 0.32-a0-411-g744942f433 (webtiles) character file.

Game seed: 4124865488732248164

308 zeratav the Chopper (level 6, 0/51 HPs)
             Began as a Minotaur Fighter on Feb 21, 2024.
             Was an Initiate of Beogh.
             Slain by a gnoll
             ... wielding a +0 spear
              (6 damage)
             ... on level 4 of the Dungeon.
             The game lasted 00:03:01 (2006 turns).

zeratav the Chopper (Minotaur Fighter)              Turns: 2006, Time: 00:03:02

Health: 0/51       AC:  9    Str: 22    XL:     6   Next: 16%
Magic:  5/5        EV:  9    Int:  5    God:    Beogh [......]
Gold:   147        SH:  4    Dex: 10    Spells: 5/5 levels left

rFire   . . .        a - +0 war axe {axe}
rCold   . . .        c - +0 buckler
rNeg    . . .        b - +0 scale mail
rPois   .            (helmet restricted)
rElec   .            r - +0 cloak
rCorr   .            (no gloves)
SInv    +            q - +0 pair of boots
Will    .....        (no amulet) Stlth
                     o - ring of see invisible
HPRegen 0.28/turn    (no ring)
MPRegen 0.09/turn

%: no passive effects
@: no status effects
A: horns 2, retaliatory headbutt
a: Renounce Religion


You were on level 4 of the Dungeon.
You worshipped Beogh.
Beogh was noncommittal.
You visited 1 branch of the dungeon, and saw 4 of its levels.

You collected 147 gold pieces.


Innate Abilities, Weirdness & Mutations

You have a pair of horns on your head.
You reflexively headbutt those who attack you in melee.


   Skills:
 - Level 3.6 Fighting
 + Level 7.9 Axes
 - Level 3.6 Armour
 - Level 3.6 Shields


You had 5 spell levels left.
You didn't know any spells.
Your spell library contained the following spells:

 Spells                   Type           Power      Damage    Failure   Level
 Cigotuvi's Dreadful Rot  Necr/Alch/Air  0%         N/A       95%         2
 Ignite Poison            Fire/Alch      0%         N/A       100%        4
 Leda's Liquefaction      Alch/Erth      0%         N/A       100%        4
 Freezing Cloud           Conj/Ice/Air   0%         6-21      100%        5
 Lee's Rapid Deconstruct  Erth           0%         3d4*      100%        5
 Bombard                  Conj/Erth      0%         9d1       100%        6

Inventory:

Hand Weapons
 a - a +0 war axe (weapon) {axe}
Missiles
 l - 2 atropa-tipped darts (quivered) {throwing}
 u - 5 datura-tipped darts {throwing}
Armour
 b - a +0 scale mail (worn)
 c - a +0 buckler (worn)
 q - a +0 pair of boots (worn)
   (You found it on level 3 of the Dungeon)
 r - a +0 cloak (worn)
   (You found it on level 3 of the Dungeon)
Jewellery
 o - a ring of see invisible (left hand)
   (You found it on level 2 of the Dungeon)
Wands
 t - a wand of paralysis (6)
   (You found it on level 3 of the Dungeon)
Scrolls
 e - 2 scrolls of revelation {unknown}
 f - a scroll of noise {unknown}
 g - a scroll of brand weapon {unknown}
 h - 3 scrolls of identify {unknown}
 k - a scroll of fog {unknown}
 n - 3 scrolls of amnesia {unknown}
 p - a scroll of poison {unknown}
 v - 2 scrolls of blinking {unknown}
Potions
 d - 2 potions of might
 i - a potion of attraction {unknown}
 m - a potion of heal wounds {unknown}
 s - a potion of lignification {unknown}
 w - a potion of cancellation {unknown}

Dungeon Overview and Level Annotations

Branches:
Dungeon (4/15) Zot: 21964
 Temple: D:4-7

Altars:
Zin

Shops:
D:4

: #..#.....#.#
#.#......###.#
#..........#.#
#.#####.##.#.#.#
#..............###
########..##........
...........+........
#######..###........
#.......@g........
##.##.#####.)......
#.........#.)......
#.........#........
............#........
..##+########........
. +........ #........
#........


You could see a gnoll.


Message History

No target in view!
No target in view!
No target in view!
No target in view!
No target in view!
No target in view!
No target in view!
No target in view!
No target in view!
No target in view!
No target in view!
p - a scroll labelled PIOTAI ZIUTOD
w - a ruby potion
There is a stone staircase leading up here.
You see here a staff of fire {staff}. 3 gnolls come into view.
The gnoll shouts! x3
A scorpion comes into view.
The gnoll hits you but does no damage.
There are monsters nearby!
There are monsters nearby!
The gnoll barely misses you. The gnoll hits you but does no damage.
You block the gnoll's attack.
You hit the gnoll. You headbutt the gnoll. You slash the gnoll!
The gnoll hits you with a +0 halberd. The gnoll hits you but does no damage.
The gnoll hits you with a +0 halberd.
HP[-8]
You take 8 damage, and now have 37/45 hp.
You barely miss the gnoll. Your headbutt misses the gnoll. You slash the gnoll!
The gnoll hits you but does no damage.
The gnoll hits you from afar with a +0 spear.
HP[-2]
You take 2 damage, and now have 35/45 hp.
You closely miss the gnoll. You barely miss the scorpion.
You barely miss the gnoll. The gnoll hits you but does no damage.
The gnoll hits you from afar with a +0 spear.
The gnoll hits you with a +0 halberd.
The scorpion stings you but does no damage.
HP[-10]
You take 10 damage, and now have 25/45 hp.
MASSIVE DAMAGE!! (PAUSE)
You hit the gnoll.
You kill the gnoll!
Beogh accepts your kill.
You slash the gnoll!
You kill the gnoll!
Beogh accepts your kill.
You closely miss the scorpion.
The scorpion stings you but does no damage.
You block the gnoll's attack.
HP[+1]
You completely miss the scorpion. The scorpion stings you.
You are poisoned.
The scorpion poisons you! The gnoll hits you but does no damage.
The scorpion stings you.
* * * LOW HITPOINT WARNING * * *
You are lethally poisoned!
The scorpion poisons you!
HP[-6]
You take 6 damage, and now have 20/45 hp.
* * * LOW HITPOINT WARNING * * *
You feel very sick. The gnoll attacks as it pursues you!
The gnoll hits you from afar with a +0 spear.
* * * LOW HITPOINT WARNING * * *
HP[-10]
You take 10 damage, and now have 10/45 hp.
MASSIVE DAMAGE!! (PAUSE)
* * * LOW HITPOINT WARNING * * *
You feel very sick.
HP[-4]
You take 4 damage, and now have 6/45 hp.
* * * LOW HITPOINT WARNING * * *
You feel very sick.
HP[-2]
You take 2 damage, and now have 4/45 hp.
It was a potion of curing.
You feel better. The scorpion completely misses you. You furiously retaliate!
You headbutt the scorpion!
HP[+6]
You regained 6 hp, and now have 10/45 hp.
You barely miss the scorpion. You block the scorpion's attack.
The gnoll barely misses you. The scorpion barely misses you.
You furiously retaliate!
You headbutt the scorpion.
The gnoll hits you from afar with a +0 spear.
* * * LOW HITPOINT WARNING * * *
HP[-1]
You take 1 damage, and now have 9/45 hp.
You barely miss the scorpion. The scorpion misses you.
You block the gnoll's attack.
HP[+1]
You slash the scorpion!
You kill the scorpion!
Beogh accepts your kill.
The gnoll hits you from afar with a +0 spear.
* * * LOW HITPOINT WARNING * * *
You have reached level 6!
HP[-4] MP[+1]
You now have 51 max hp (+6).
Your mp is fully restored (5).
The gnoll hits you with a +0 spear.
You die...

Skill      XL: |  1  2  3  4  5 |
---------------+----------------+-----
Axes           | 3 4 5 6 7 |  7.9
Fighting       | |  3.6
Armour         | |  3.6
Shields        | |  3.6

Action                     |  1- 3 |  4- 6 || total
---------------------------+-------+-------++-------
  Melee: War axe           |    37 |    83 ||   120
         Headbutt          |     2 |    13 ||    15
 Invoke: Convert to Beogh  |       |     1 ||     1
    Use: Potion            |       |     1 ||     1
 Armour: Scale mail        |    27 |    77 ||   104
  Dodge: Dodged            |    15 |    34 ||    49
  Block: Buckler           |     5 |    22 ||    27

Levels and vault maps discovered:
D:1:      tarquinn_simple_flora_water_d, layout_rooms, reono_crystal_passage
D:2:      layout_rooms
D:3:      layout_loops_ring, mainiacjoe_overflow_cross_hatched
D:4:      layout_basic, nicolae_shop_self_help

Notes
Turn   | Place    | Note
-------+----------+-------------------------------------------
     0 | D:1      | zeratav the Minotaur Fighter began the quest for the Orb.
     0 | D:1      | Reached XP level 1. HP: 19/19 MP: 0/0
     0 | D:1      | magus.rc [v1.9.6]
    85 | D:1      | Reached skill level 3 in Axes
   282 | D:1      | Reached XP level 2. HP: 25/26 MP: 1/1
   568 | D:2      | Reached skill level 4 in Axes
   660 | D:2      | Reached XP level 3. HP: 30/31 MP: 2/2
   721 | D:2      | You pick up a book of the Earth and begin reading...
   721 | D:2      | You add the spells Leda's Liquefaction, Lee's Rapid
                  | Deconstruction and Bombard to your library.
   939 | D:3      | Reached skill level 5 in Axes
   939 | D:3      | Reached XP level 4. HP: 35/39 MP: 3/3
  1219 | D:3      | Found a glowing silver altar of Zin.
  1294 | D:3      | Reached skill level 6 in Axes
  1294 | D:3      | Became a worshipper of Beogh the Shepherd
  1651 | D:4      | Reached XP level 5. HP: 44/45 MP: 4/4
  1677 | D:4      | Found Ryogeus's Self-Improvement Boutique.
  1712 | D:4      | Reached skill level 7 in Axes
  1895 | D:4      | You add the spells Cigotuvi's Dreadful Rot, Ignite Poison
                  | and Freezing Cloud to your library.
  1999 | D:4      | HP: 10/45 [gnoll/+0 spear (5)]
  2001 | D:4      | HP: 4/45 [poisoned by a scorpion]
  2006 | D:4      | Reached XP level 6. HP: 6/51 MP: 5/5
  2006 | D:4      | Slain by a gnoll

Vanquished Creatures
  2 scorpions (D:4)
  An orc wizard (D:3)
  4 adders
  2 gnolls (D:4)
  2 ribbon worms (D:3)
  9 orcs
  4 endoplasms
  3 giant cockroaches
  4 goblins
  3 hobgoblins
  3 jackals (D:4)
  2 kobolds
  2 quokkas
  2 ball pythons
  4 bats
  3 frilled lizards (D:3)
  9 rats
59 creatures vanquished.

Vanquished Creatures (others)
  A ribbon worm (D:3)
1 creature vanquished.

Grand Total: 60 creatures vanquished

Table legend:
 A = Non-vault XP
 B = Vault XP
 C = Vault XP percentage of total XP
 D = Non-vault monster count
 E = Vault monster count
 F = Vault count percentage of total count
                 A         B        C        D         E       F
            +---------+---------+-------+---------+---------+-------
      Total |     440 |       0 |   0.0 |      60 |       0 |   0.0
            +---------+---------+-------+---------+---------+-------
        D:1 |      22 |       0 |   0.0 |       9 |       0 |   0.0
        D:2 |      43 |       0 |   0.0 |      12 |       0 |   0.0
        D:3 |     120 |       0 |   0.0 |      24 |       0 |   0.0
        D:4 |     255 |       0 |   0.0 |      15 |       0 |   0.0
            +---------+---------+-------+---------+---------+-------

Skill      XL: |  1  2  3  4  5 |
---------------+----------------+-----
Axes           | 3 4 5 6 7 |  7.9
Fighting       | |  3.6
Armour         | |  3.6
Shields        | |  3.6

Action                     |  1- 3 |  4- 6 || total
---------------------------+-------+-------++-------
  Melee: War axe           |    37 |    83 ||   120
         Headbutt          |     2 |    13 ||    15
 Invoke: Convert to Beogh  |       |     1 ||     1
    Use: Potion            |       |     1 ||     1
 Armour: Scale mail        |    27 |    77 ||   104
  Dodge: Dodged            |    15 |    34 ||    49
  Block: Buckler           |     5 |    22 ||    27

Illustrated notes

Table legend:
 A = Kills in this place as a percentage of kills in the entire game.
 B = Kills by you in this place as a percentage of kills by you in the entire game.
 C = Kills by friends in this place as a percentage of kills by friends in the entire game.
 D = Other kills in this place as a percentage of other kills in the entire game.
 E = Experience gained in this place as a percentage of experience gained in the entire game.
 F = Experience gained in this place divided by the number of levels of this place that you have seen.
                   A       B       C       D       E      F
               +-------+-------+-------+-------+-------+----------------------
         Total | 100.0 | 100.0 |   N/A | 100.0 | 100.0 | 110.0
       Dungeon | 100.0 | 100.0 |   N/A | 100.0 | 100.0 | 110.0
               +-------+-------+-------+-------+-------+----------------------

Table legend: (Time is in decaauts)
 A = Elapsed time spent in this place.
 B = Non-inter-level travel time spent in this place.
 C = Inter-level travel time spent in this place.
 D = Time resting spent in this place.
 E = Time spent auto-exploring this place.
 F = Levels seen in this place.
 G = Mean time per level.
                   A        B        C        D        E       F      G
               +--------+--------+--------+--------+--------+-----+--------+
         Total |   2034 |   1935 |     99 |      0 |   1605 |   4 |  508.5 |
       Dungeon |   2034 |   1935 |     99 |      0 |   1605 |   4 |  508.5 |
               +--------+--------+--------+--------+--------+-----+--------+

Top non-repeatable levels by time:
     D:3: 727 daAuts
     D:1: 529 daAuts
     D:2: 404 daAuts
     D:4: 373 daAuts
